 Dungeon Crawl Stone Soup version 0.28.0 (webtiles) character file.

Game seed: 9017625639876547581

145 danielguo94 the Covered (level 5, 0/33 HPs)
             Began as a Gargoyle Fighter on Feb 5, 2022.
             Slain by an iron imp (4 damage)
             ... summoned by Natasha
             ... on level 2 of the Dungeon.
             The game lasted 00:03:13 (2783 turns).

danielguo94 the Covered (Gargoyle Fighter)          Turns: 2783, Time: 00:03:13

Health: 0/33       AC: 11    Str: 22    XL:     5   Next: 27%
Magic:  5/5        EV:  9    Int:  8    God:
Gold:   60         SH:  4    Dex:  9    Spells: 4/4 levels left

rFire   . . .      SeeInvis .   a - +0 flail
rCold   . . .      Faith    .   c - +0 buckler
rNeg    + . .      Spirit   .   b - +0 scale mail
rPois   ∞          Reflect  .   (no helmet)
rElec   +          Harm     .   (no cloak)
rCorr   .          Rampage  .   (no gloves)
Will    .....                   (no boots)
Stlth   ..........              (no amulet)
HPRegen 0.11/turn               (no ring)
MPRegen 0.09/turn               (no ring)

@: no status effects
A: sickness immunity, AC +4, negative energy resistance 1, electricity
resistance, torment resistance 1, petrification resistance
a: no special abilities


You were on level 2 of the Dungeon.
You visited 1 branch of the dungeon, and saw 2 of its levels.

You collected 115 gold pieces.
You spent 55 gold pieces at shops.

Inventory:

Hand Weapons
 a - a +0 flail (weapon)
Missiles
 g - 23 stones (quivered)
 h - 2 poisoned darts
Armour
 b - a +0 scale mail (worn)
 c - a +0 buckler (worn)
Scrolls
 f - 2 scrolls of identify {unknown}
 i - 4 scrolls of teleportation {unknown}
 j - a scroll of blinking {unknown}
 l - a scroll of magic mapping {unknown}
 n - a scroll of noise {unknown}
Potions
 d - a potion of might
 e - a potion of degeneration {unknown}
 k - a potion of mutation {unknown}
 m - a potion of heal wounds


   Skills:
 + Level 3.8 Fighting
 * Level 4.0 Maces & Flails
 + Level 4.0 Armour
 + Level 0.1 Dodging
 + Level 3.9 Shields


You had 4 spell levels left.
You didn't know any spells.
Your spell library contained the following spells:

 Spells                   Type           Power      Damage    Failure   Level
 Sandblast                Erth           0%         2d4       82%         1
 Passwall                 Tmut/Erth      0%         N/A       91%         2
 Call Canine Familiar     Summ           0%         N/A       99%         3
 Portal Projectile        Hex/Tloc       0%         N/A       99%         3
 Stone Arrow              Conj/Erth      0%         3d7       99%         3
 Leda's Liquefaction      Hex/Erth       0%         N/A       100%        4


Dungeon Overview and Level Annotations

Branches:
Dungeon (2/15)

Altars:

Shops:
D:2 !

Annotations:
D:2 Natasha


Innate Abilities, Weirdness & Mutations

You are immune to sickness and miasma.
Your stone body is resilient. (AC +4)
You are immune to poison.
You resist negative energy. (rN+)
You are resistant to electric shocks. (rElec)
You are resistant to unholy torment.
You are immune to petrification.


Message History

Natasha is lightly wounded.
Natasha claws you.
The iron imp hits you but does no damage.
You closely miss Natasha.
Natasha is lightly wounded.
Natasha casts a spell at you. The magic dart hits you.
The iron imp hits you but does no damage.
Natasha stares at you and mumbles some strange words.
The magic dart hits you.
Unknown command.
You barely miss Natasha.
Natasha is lightly wounded.
The iron imp barely misses you. Natasha claws you!
You hit Natasha.
Natasha is heavily wounded.
You block the iron imp's attack.
Natasha stares at you and mumbles some strange words.
The magic dart hits you.
* * * LOW HITPOINT WARNING * * *
You closely miss Natasha.
Natasha is heavily wounded.
You block Natasha's attack. The iron imp barely misses you.
You closely miss Natasha.
Natasha is heavily wounded.
Natasha barely misses you. You block the iron imp's attack.
You hit Natasha.
Natasha is severely wounded.
Natasha claws you but does no damage. The iron imp hits you.
* * * LOW HITPOINT WARNING * * *
Natasha barely misses you.
You aren't carrying any items that you can evoke.
Unknown command.
Unknown command.
You barely miss Natasha.
Natasha is severely wounded.
Natasha claws you but does no damage.
The iron imp shouts, "Turn tail, thou horrid fob-snatching toady!"
The iron imp hits you.
You die...

#...#...##.# #.# #..#
#.......#..#####.######..#
#...###>#.###............#
##.## #.#.# #.##.######.##
#.# #.#.# #.##.# #...
#.####.#.# #....# #.##
#......#.# ###..# ##<##
######.#.#####..#####....
#..@..............##
#..h5♣....#######.##
##..♣.♣...# ###...
#.♣...♣))# #.....
#♣..∩..♣)## #.#.#.
#.♣...♣...####.#.##
#..♣.♣.....).......
#...♣.....#####.###
########........#


You could see an iron imp (summoned) and Natasha.

Vanquished Creatures
  Natasha (twice) (D:2)
  3 gnolls (D:2)
  An adder (D:2)
  4 worms (D:2)
  5 endoplasms
  2 giant cockroaches (D:2)
  2 goblins
  4 hobgoblins (D:1)
  4 jackals
  3 kobolds
  A quokka (D:2)
  5 ball pythons
  4 bats
  3 frilled lizards
  3 rats
46 creatures vanquished.

Notes
Turn   | Place    | Note
-------+----------+-------------------------------------------
     0 | D:1      | danielguo94 the Gargoyle Fighter began the quest for the
                  | Orb.
     0 | D:1      | Reached XP level 1. HP: 14/14 MP: 1/1
   220 | D:1      | Found a faded altar of an unknown god.
   231 | D:1      | Reached XP level 2. HP: 10/19 MP: 2/2
   852 | D:2      | Noticed Natasha
   859 | D:2      | Killed Natasha
   860 | D:2      | Reached XP level 3. HP: 4/23 MP: 3/3
  1384 | D:2      | Reached XP level 4. HP: 16/29 MP: 4/4
  1697 | D:2      | Found Cenucup's Distillery.
  1704 | D:2      | Bought a potion of heal wounds for 55 gold pieces
  2113 | D:2      | Noticed Natasha
  2141 | D:2      | Reached XP level 5. HP: 33/33 MP: 5/5
  2185 | D:2      | Killed Natasha
  2769 | D:2      | Noticed Natasha
  2783 | D:2      | Slain by an iron imp

Illustrated notes

Levels and vault maps discovered:
D:1:      dpeg_arrival_pond, layout_loops_corners, basic_ecumenical_altar
D:2:      layout_loops_ring, serial_shops, nicolae_diamond_shop,
          wander_ebering_terrifying_dragon_lair, uniq_natasha

Skill      XL: |  1  2  3  4  5 |
---------------+----------------+-----
Maces & Flails | 3 4 |  4.0
Armour         | 4 |  4.0
Fighting       | |  3.8
Dodging        | |  0.1
Shields        | |  3.9

Action                   |  1- 3 |  4- 6 || total
-------------------------+-------+-------++-------
Melee: Flail             |    69 |   103 ||   172
Armor: Scale mail        |    35 |    58 ||    93
Dodge: Dodged            |    17 |    54 ||    71
Block: Buckler           |    12 |    30 ||    42
